 Dungeon Crawl Stone Soup version 0.19.4-8-ga85b6b9 (webtiles) character file.

1852 NTAmi the Chiller (level 8, -3/62 HPs)
             Began as a White Draconian Ice Elementalist on Feb 12, 2017.
             Killed from afar by an electric eel (9 damage)
             ... with a bolt of electricity
             ... on level 6 of the Dungeon.
             The game lasted 01:28:29 (7525 turns).

NTAmi the Chiller (DrIE)                            Turns: 7525, Time: 01:28:30

Health: -3/62      AC:  6    Str: 15    XL:     8   Next: 88%
Magic:  13/15      EV: 13    Int: 16    God:
Gold:   370        SH:  0    Dex: 13    Spells: 5 memorised, 6 levels left

rFire  + . .     SeeInvis +     z - +0 hunting sling (freeze)
rCold  + . .     Gourm    .     (armour unavailable)
rNeg   . . .     Faith    .     (no shield)
rPois  .         Spirit   .     (helmet restricted)
rElec  .         Reflect  .     (no cloak)
rCorr  .         Harm     .     (no gloves)
MR     .....     Clarity  +     (no boots)
Stlth  ++........               (no amulet)
                                x - ring of see invisible
                                g - +2 ring of strength

@: drained
A: breathe frost, unfitting armour, clarity, cold resistance 1, fire resistance
1, strong 1, cold-blooded, AC +6
a: Breathe Frost


You were on level 6 of the Dungeon.
You were not hungry.

You visited 2 branches of the dungeon, and saw 8 of its levels.
You also visited: Sewer.

You collected 370 gold pieces.

Inventory:

Hand Weapons
 i - a +3 short sword
 l - a +0 dagger
 o - a +0 war axe
 r - a +0 dagger
 t - a +0 mace of protection
 u - a cursed +0 mace
 v - a cursed +0 short sword
 w - a cursed -2 hand axe
 y - a +0 morningstar
 z - a +0 hunting sling of freezing (weapon)
 B - a +0 flail
 F - a +0 hand axe
 K - a +0 halberd
 L - a +0 shortbow
 N - a +0 club
 O - a +0 club
 P - a +0 club
 Q - a +2 whip of freezing
 R - a +0 club
 S - a +0 club
Missiles
 e - 161 stones (quivered)
 s - 15 sling bullets
 A - a javelin
 E - 35 bolts
 M - 20 arrows
Jewellery
 g - a +2 ring of strength (left hand)
 x - a ring of see invisible (right hand)
Wands
 p - a wand of lightning (6/15)
Scrolls
 c - 2 scrolls of teleportation
 j - a scroll of fear
 k - 2 scrolls of remove curse
 G - a scroll of immolation
 I - a scroll of identify
 J - a scroll of fog
Potions
 d - a potion of flight
 f - a potion of haste
 h - 2 potions of might
 m - 4 potions of magic
 q - a potion of curing
Books
 a - a book of Frost

   Spells                             Type                      Level
   a - Freeze                         Ice                          1
   b - Throw Frost                    Conjuration/Ice              2
   c - Ozocubu's Armour               Charms/Ice                   3
   d - Throw Icicle                   Conjuration/Ice              4
   e - Summon Ice Beast               Ice/Summoning                4
 C - a book of Misfortune

   Spells                             Type                      Level
   a - Confusing Touch                Hexes                        1
   b - Confuse                        Hexes                        3
   c - Gell's Gravitas                Hexes/Translocation          3
   d - Petrify                        Transmutation/Earth          4
   e - Metabolic Englaciation         Hexes/Ice                    5
   f - Yara's Violent Unravelling     Hexes/Transmutation          5
 H - a book of Cantrips

   Spells                             Type                      Level
   a - Confusing Touch                Hexes                        1
   b - Animate Skeleton               Necromancy                   1
   c - Summon Small Mammal            Summoning                    1
   d - Apportation                    Translocation                1
Comestibles
 b - 3 bread rations
 n - 4 meat rations
 D - a fruit


   Skills:
 + Level 2.5(2.3) Fighting
 + Level 3.3(3.0) Maces & Flails
 + Level 4.6(4.4) Slings
 + Level 1.0(2.8) Throwing
 + Level 3.3(3.0) Dodging
 + Level 2.9(2.7) Stealth
 + Level 0.2(0.0) Unarmed Combat
 + Level 5.1(4.8) Spellcasting
 + Level 1.5(1.2) Conjurations
 + Level 0.1(0.0) Hexes
 + Level 1.2(1.0) Charms
 + Level 7.5(7.2) Ice Magic
 + Level 1.1(0.8) Evocations


You had 6 spell levels left.
You knew the following spells:

 Your Spells              Type           Power        Failure   Level  Hunger
a - Freeze                Ice            ####         1%          1    None
b - Ozocubu's Armour      Chrm/Ice       ###.....     12%         3    ###....
c - Throw Frost           Conj/Ice       ###...       6%          2    ##.....
d - Throw Icicle          Conj/Ice       ###.....     34%         4    ####...
e - Confusing Touch       Hex            #.....       17%         1    None


Dungeon Overview and Level Annotations

Branches:
Dungeon (7/15)             Temple (1/1) D:4

Altars:
Ashenzari
Cheibriados
Dithmenos
Elyvilon
Fedhas
Gozag
Hepliaklqana
Kikubaaqudgha
Makhleb
Nemelex Xobeh
Okawaru
Qazlal
Ru
Sif Muna
Trog
Uskayaw
Xom
Yredelemnul
Zin
The Shining One


Innate Abilities, Weirdness & Mutations

You can breathe waves of freezing cold.
You can buffet flying creatures when you breathe cold.
Your icy white scales are hard. (AC +6)
You cannot fit into any form of body armour.
Your flesh is cold resistant. (rC+)
You are cold-blooded and may be slowed by cold attacks.
You possess an exceptional clarity of mind.
Your flesh is heat resistant. (rF+)
Your muscles are strong. (Str +2)


Message History

The electric eel shoots out a bolt of lightning at you!
The bolt of electricity hits the electric eel.
The electric eel completely resists.
The bolt of electricity misses you.
The electric eel shoots out a bolt of lightning at you!
The bolt of electricity hits you!
Firing (i - inventory. (,) - cycle):
e - 162 stones (quivered)
Press: ? - help, Shift-Dir - straight line, f/p - electric eel
Aim: an electric eel (water, almost dead)
You shoot a stone.
The stone closely misses the electric eel.
You hear a splash.
The electric eel shoots out a bolt of lightning at you!
The bolt of electricity hits the electric eel.
The electric eel completely resists.
The bolt of electricity hits you!
* * * LOW HITPOINT WARNING * * *
The electric eel shoots out a bolt of lightning at you!
The bolt of electricity hits you!
* * * LOW HITPOINT WARNING * * *
The bolt of electricity hits you!
You die...

#..# #.## #.# #.# #.#
#.# #.#
###############.###
#.@.......(........
####.#########.###..##
#.....................
#.....................
#≈≈≈(≈≈..≈.≈≈.....≈..≈
#≈≈≈;≈(≈≈≈≈≈≈≈≈≈≈≈≈≈≈≈
#≈≈≈;≈≈≈≈≈≈≈≈≈≈≈≈≈≈≈≈≈
#≈≈≈≈≈≈≈≈≈#####≈≈≈≈≈≈≈
#≈≈≈≈≈≈≈≈;# ########


You could see 2 electric eels.

Vanquished Creatures
  A hungry ghost (D:5)
  An ice beast (D:5)
  Purgy (Sewer)
  A phantom (D:4)
  An ogre (D:5)
  A centaur (D:5)
  A bullfrog (D:6)
  3 scorpions
  4 wights (D:6)
  A howler monkey (D:5)
  An electric eel (D:6)
  4 crimson imps
  2 centaur skeletons
  3 jellies
  2 orc priests (D:4)
  2 hounds
  3 orc wizards
  2 worker ants
  A hound zombie (D:5)
  6 gnolls (D:5)
  7 adders
  A river rat (D:6)
  A shadow imp (D:5)
  3 worms
  A dart slug (D:1)
  3 leopard geckos
  13 orcs
  14 giant cockroaches
  10 goblins
  9 hobgoblins
  11 jackals
  3 quokkas
  4 ball pythons
  4 bats
  8 frilled lizards
  17 kobolds
  5 rats
155 creatures vanquished.

Notes
Turn   | Place    | Note
-------+----------+-------------------------------------------
     0 | D:1      | NTAmi the Draconian Ice Elementalist began the quest for the Orb.
     0 | D:1      | Reached XP level 1. HP: 14/14 MP: 3/3
   375 | D:1      | Reached XP level 2. HP: 20/20 MP: 1/5
   851 | D:1      | Reached XP level 3. HP: 26/26 MP: 6/6
  1138 | D:2      | Learned a level 3 spell: Ozocubu's Armour
  1532 | D:2      | Reached XP level 4. HP: 4/33 MP: 1/8
  1545 | D:2      | HP: 1/33 [poisoned by an adder]
  1948 | D:2      | Learned a level 2 spell: Throw Frost
  2074 | D:2      | Reached skill level 4 in Ice Magic
  2419 | D:3      | You fall through a shaft for 3 floors!
  2419 | D:6      | Found a glowing drain.
  2479 | Sewer    | Entered a sewer
  2497 | Sewer    | Noticed Purgy
  2544 | Sewer    | Reached skill level 1 in Slings
  2567 | Sewer    | Reached XP level 5. HP: 37/38 MP: 4/9
  2638 | Sewer    | Killed Purgy
  2937 | D:6      | Found a glowing golden altar of the Shining One.
  3032 | D:6      | Reached skill level 1 in Fighting
  3032 | D:6      | Reached XP level 6. HP: 47/47 MP: 10/10
  3162 | D:6      | Reached skill level 1 in Evocations
  3218 | D:5      | Entered Level 5 of the Dungeon
  3373 | D:5      | Noticed a hungry ghost
  3402 | D:5      | Killed a hungry ghost
  3402 | D:5      | Your scales start taking on an icy white colour.
  3402 | D:5      | Reached skill level 5 in Ice Magic
  3402 | D:5      | Reached XP level 7. HP: 48/52 MP: 6/12
  3402 | D:5      | Gained mutation: Your flesh is cold resistant. (rC+) [White Draconian growth]
  3702 | D:5      | Reached skill level 6 in Ice Magic
  4037 | D:5      | Learned a level 4 spell: Throw Icicle
  4060 | D:5      | Reached skill level 1 in Maces & Flails
  4363 | D:5      | Found a hide-covered altar of Uskayaw.
  4377 | D:5      | Found a burning altar of Makhleb.
  4703 | D:4      | Found a staircase to the Ecumenical Temple.
  4793 | D:3      | Learned a level 1 spell: Confusing Touch
  5361 | Temple   | Entered the Ecumenical Temple
  5610 | D:4      | Reached XP level 8. HP: 38/61 MP: 14/14
  5678 | D:4      | Reached skill level 1 in Throwing
  5785 | D:4      | Found a stormy altar of Qazlal.
  6660 | D:6      | Reached skill level 1 in Charms
  6695 | D:6      | Found an iron altar of Okawaru.
  6847 | D:6      | Reached skill level 7 in Ice Magic
  6878 | D:6      | Gained mutation: Your muscles are strong. (Str +2) [potion of mutation]
  6878 | D:6      | Gained mutation: Your flesh is heat resistant. (rF+) [potion of mutation]
  6878 | D:6      | Gained mutation: You possess an exceptional clarity of mind. [potion of mutation]
  7106 | D:6      | Reached skill level 5 in Spellcasting
  7525 | D:6      | Killed from afar by an electric eel

Skill      XL: |  1  2  3  4  5  6  7  8 |
---------------+-------------------------+-----
Dodging        | 2 3 |  3.3
Stealth        | 2 |  2.9
Ice Magic      | 4 5 6 7 |  7.5
Spellcasting   | 3 4 5 |  5.1
Slings         | 1 2 3 4 |  4.6
Fighting       | 1 2 |  2.5
Evocations     | 1 |  1.1
Maces & Flails | 2 3 |  3.3
Throwing       | 1 |  1.0
Charms         | 1 |  1.2
Unarmed Combat | |  0.2
Conjurations   | |  1.5
Hexes          | |  0.1

Action                   |  1- 3 |  4- 6 |  7- 9 || total
-------------------------+-------+-------+-------++-------
Melee: Unarmed           |    17 |       |     1 ||    18
       Tailslap          |     7 |       |    14 ||    21
       Club              |    54 |       |       ||    54
       Dagger            |    14 |     1 |       ||    15
       Mace              |       |       |   188 ||   188
 Fire: Hunting sling     |       |   123 |    63 ||   186
Throw: Stone             |    63 |       |    10 ||    73
       Javelin           |       |       |     6 ||     6
       Tomahawk          |       |       |     2 ||     2
 Cast: Freeze            |    57 |    37 |    66 ||   160
       Ozocubu's Armour  |     1 |     5 |    20 ||    26
       Throw Frost       |       |    10 |    19 ||    29
       Confusing Touch   |       |       |     2 ||     2
       Throw Icicle      |       |       |     1 ||     1
 Abil: Breathe Frost     |       |       |     7 ||     7
Evoke: Wand              |       |     7 |     4 ||    11
  Use: Potion            |     3 |     5 |     4 ||    12
       Scroll            |       |     6 |    11 ||    17
 Stab: Sleeping          |     3 |       |     8 ||    11
       Invisible         |     1 |       |       ||     1
       Confused          |       |       |     2 ||     2
       Distracted        |       |       |     1 ||     1
  Eat: Chunk             |     3 |     4 |    11 ||    18
       Beef jerky        |       |     1 |       ||     1
       Fruit             |       |     2 |     4 ||     6
       Bread ration      |       |       |     1 ||     1
       Pizza             |       |       |     1 ||     1
Armor: Skin              |    39 |    24 |   139 ||   202
Dodge: Dodged            |    83 |    61 |   186 ||   330
